 Dungeon Crawl Stone Soup version 0.25-a0-246-g58704a1 (webtiles) character file.

Game seed: 8642700127040137693, levelgen mode: deterministic

63 Blackhawk the Poker (level 4, 0/35 HPs)
             Began as a Merfolk Gladiator on Dec 3, 2019.
             Killed from afar by an orc wizard (11 damage)
             ... with a magic dart
             ... on level 3 of the Dungeon.
             The game lasted 00:03:29 (1603 turns).

Blackhawk the Poker (Merfolk Gladiator)             Turns: 1603, Time: 00:03:30

Health: 0/35       AC:  4    Str: 15    XL:     4   Next: 10%
Magic:  4/4        EV: 14    Int:  7    God:
Gold:   125        SH:  0    Dex: 15    Spells: 3/3 levels left

rFire    . . .     SeeInvis .   a - +0 trident
rCold    . . .     Gourm    .   (no shield)
rNeg     . . .     Faith    .   b - +0 leather armour
rPois    .         Spirit   .   c - +0 helmet
rElec    .         Reflect  .   (no cloak)
rCorr    .         Harm     .   (no gloves)
MR       .....                  (no boots)
Stlth    +.........             (no amulet)
HPRegen  0.11/turn              (no ring)
MPRegen  0.09/turn              (no ring)

@: no status effects
A: change form in water, swift swim, stealthy swim
a: no special abilities


You were on level 3 of the Dungeon.
You were not hungry.

You visited 1 branch of the dungeon, and saw 3 of its levels.

You collected 125 gold pieces.

Inventory:

Hand Weapons
 a - a +0 trident (weapon)
Missiles
 d - 3 throwing nets (quivered)
Armour
 b - a +0 leather armour (worn)
 c - a +0 helmet (worn)
Jewellery
 g - an uncursed ring of flight {unknown}
 i - an uncursed ring of fire {unknown}
Scrolls
 h - 3 scrolls of blinking {unknown}
 k - a scroll of identify {unknown}
 m - a scroll of teleportation {unknown}
 n - a scroll of noise {unknown}
 o - a scroll of enchant weapon {unknown}
Potions
 e - a potion of berserk rage {unknown}
 j - a potion of flight {unknown}
 p - a potion of heal wounds {unknown}
 q - a potion of might {unknown}
Comestibles
 f - 3 rations
 l - 9 chunks of flesh


   Skills:
 + Level 3.2 Fighting
 + Level 5.4 Polearms
 - Level 2.0 Throwing
 + Level 5.0 Dodging


You had 3 spell levels left.
You didn't know any spells.
Your spell library was empty.

Dungeon Overview and Level Annotations

Branches:
Dungeon (3/15)

Altars:
Vehumet


Message History

The orc wizard seems to speed up.
Something hits you.
You hit the orc wizard but do no damage.
The orc wizard is lightly wounded.
The orc wizard barely misses you. Something hits you.
The orc wizard hits you but does no damage.
You hit the orc wizard but do no damage.
The orc wizard is lightly wounded.
The orc wizard gestures at you while chanting.
The magic dart hits you.
* * * LOW HITPOINT WARNING * * *
Something hits you but does no damage.
You barely miss the orc wizard.
The orc wizard is lightly wounded.
The orc wizard closely misses you. Something hits you but does no damage.
The orc wizard misses you.
You closely miss the orc wizard.
The orc wizard is lightly wounded.
The orc wizard casts a spell at you. The magic dart hits you!
You die...

......##########....
#########....%.#
#.'....
...........)...#
####.#....
...............#
#....#.... .........#+#
#.####....
...........#########.#
#....
..........>.......##.#
#####
.).............##.##.#
.......)....@..+.....#
######......{o.##.รท###
##........###.#
#..............#
########........###.#.#
#...............# #.#.#
#........##.....# #.# #
#........######## #.#
#........# #.#


You could see an orc wizard.

Vanquished Creatures
  2 adders (D:2)
  A worm (D:2)
  A leopard gecko (D:3)
  3 orcs (D:3)
  A giant cockroach (D:1)
  7 goblins
  3 hobgoblins
  A quokka (D:2)
  7 bats
  2 frilled lizards
  5 kobolds
  5 rats
38 creatures vanquished.

Vanquished Creatures (others)
  5 toadstools (D:1)
5 creatures vanquished.

Grand Total: 43 creatures vanquished

Notes
Turn   | Place    | Note
-------+----------+-------------------------------------------
     0 | D:1      | Blackhawk the Merfolk Gladiator began the quest for the
                  | Orb.
     0 | D:1      | Reached XP level 1. HP: 16/16 MP: 1/1
   268 | D:1      | Reached XP level 2. HP: 23/23 MP: 2/2
   918 | D:2      | Reached skill level 5 in Polearms
   918 | D:2      | Reached XP level 3. HP: 26/28 MP: 3/3
  1004 | D:2      | Found a radiant altar of Vehumet.
  1535 | D:3      | Reached XP level 4. HP: 34/35 MP: 4/4
  1588 | D:3      | Reached skill level 5 in Dodging
  1603 | D:3      | Killed from afar by an orc wizard

Levels and vault maps discovered:
D:1:      ldierk_walled_garden, layout_loops_ring
D:2:      layout_basic, fiery_altar_vehumet, chequers_decorated_corner
D:3:      minmay_recursive_quarters, layout_basic, first_ration,
          corner_web_ring, uniq_jessica

Skill      XL: |  1  2  3  4 |
---------------+-------------+-----
Polearms       | 5 |  5.4
Fighting       | 3 |  3.2
Dodging        | 5 |  5.0
Throwing       | |  2.0

Action                   |  1- 3 |  4- 6 || total
-------------------------+-------+-------++-------
Melee: Trident           |    96 |    19 ||   115
 Stab: Sleeping          |     3 |       ||     3
  Eat: Chunk             |     2 |       ||     2
Armor: Leather armour    |    19 |     5 ||    24
Dodge: Dodged            |    41 |     7 ||    48

Table legend:
 A = Non-vault XP
 B = Vault XP
 C = Vault XP percentage of total XP
 D = Non-vault monster count
 E = Vault monster count
 F = Vault count percentage of total count
                 A         B        C        D         E       F
            +---------+---------+-------+---------+---------+-------
      Total |      91 |       0 |   0.0 |      38 |       0 |   0.0
            +---------+---------+-------+---------+---------+-------
        D:1 |      21 |       0 |   0.0 |      15 |       0 |   0.0
        D:2 |      48 |       0 |   0.0 |      13 |       0 |   0.0
        D:3 |      22 |       0 |   0.0 |      10 |       0 |   0.0
            +---------+---------+-------+---------+---------+-------
